 Dungeon Crawl Stone Soup version 0.32-a0-17-gb74e046682 (webtiles) character file.

Game seed: 11410987167895896097

65 oldriver the Digger (level 3, -5/26 HPs)
             Began as a Demonspawn Earth Elementalist on Jan 15, 2024.
             Slain by a gnoll
             ... wielding a +0 halberd
              (16 damage)
             ... on level 3 of the Dungeon.
             The game lasted 00:01:45 (1466 turns).

oldriver the Digger (Demonspawn Earth Elementalist) Turns: 1466, Time: 00:02:15

Health: -5/26      AC:  4    Str:  8    XL:     3   Next: 94%
Magic:  4/7        EV: 12    Int: 17    God:
Gold:   41         SH:  0    Dex: 13    Spells: 0/7 levels left

rFire   . . .        h - +3 short sword (drain)
rCold   . . .        (no shield)
rNeg    . . .        a - +0 robe
rPois   .            f - +2 hat
rElec   .            (no cloak)
rCorr   .            (no gloves)
SInv    .            (no boots)
Will    .....        (no amulet)
Stlth   ++           (no ring)
HPRegen 0.24/turn    (no ring)
MPRegen 0.10/turn

%: no passive effects
@: no status effects
A: foul stench 1, sturdy frame 1
a: no special abilities


You were on level 3 of the Dungeon.
You visited 1 branch of the dungeon, and saw 3 of its levels.

You collected 41 gold pieces.

Inventory:

Hand Weapons
 h - a +3 short sword of draining (weapon)
Armour
 a - a +0 robe (worn)
 f - a +2 hat (worn)
Scrolls
 b - a scroll of teleportation
 d - a scroll of immolation {unknown}
Potions
 c - a potion of berserk rage
 g - a potion of attraction {unknown}
 i - a potion of resistance {unknown}


   Skills:
 + Level 1.3 Fighting
 - Level 1.7 Dodging
 - Level 1.7 Stealth
 * Level 2.9 Spellcasting
 + Level 1.9 Conjurations
 + Level 3.1 Earth Magic


You couldn't memorise any spells.
You knew the following spells:

 Your Spells              Type           Power      Damage    Failure   Level
a - Sandblast             Erth           26%        2d8       4%          1
b - Passwall              Erth           13%        N/A       14%         3
c - Stone Arrow           Conj/Erth      22%        3d8       19%         3

Your spell library contained the following spells:

 Spells                   Type           Power      Damage    Failure   Level
 Brom's Barrelling Bould  Conj/Erth      11%        2d3       52%         4
 Petrify                  Alch/Erth      7%         N/A       67%         4


Dungeon Overview and Level Annotations

Branches:
Dungeon (3/15)

Altars:


Innate Abilities, Weirdness & Mutations

You may rarely emit foul miasma when damaged in melee.
Your movements are slightly less encumbered by armour. (ER -2)


Message History

There is an escape hatch in the ceiling here.
Found a stone staircase leading down.
Found a stone staircase leading down.
A rat comes into view.
A rat is nearby!
This spell is quite dangerous to cast!
You start memorising the spell.
You continue memorising. x3
You finish memorising.
Spell assigned to 'b'.
This spell is quite dangerous to cast!
You start memorising the spell.
You continue memorising. x3
You finish memorising.
Spell assigned to 'c'.
A rat is nearby!
A rat is nearby!
A rat is nearby!
The blast of sand hits the rat!
You kill the rat!
You can't see any susceptible monsters within range! (Use Z to cast anyway.)
You can't see any susceptible monsters within range! (Use Z to cast anyway.)
You can't see any susceptible monsters within range! (Use Z to cast anyway.)
A gnoll comes into view. It is wielding a +0 halberd.
The gnoll shouts!
A gnoll comes into view. It is wielding a +0 spear.
There are monsters nearby!
There are monsters nearby!
There are monsters nearby!
The gnoll shouts!
You hear a shout!
A gnoll comes into view. It is wielding a +0 spear.
The blast of sand hits the gnoll.
The gnoll is moderately wounded.
The blast of sand hits the gnoll!
The gnoll is almost dead.
The gnoll hits you from afar with a +0 halberd!
The blast of sand hits the gnoll but does no damage.
The gnoll is almost dead.
The gnoll closely misses you.
The gnoll hits you from afar with a +0 halberd.
The gnoll hits you from afar with a +0 spear.
The gnoll hits you from afar with a +0 halberd!
Ouch! That really hurt!
You die...

#. #.##.....## ...
#.#.......# ##...#
#.##.....## #..#..#
#.......## .......#####
######.##
#.....†....#### #.#
g....#........# #.#
#............g#######.#
####.......g.@......#
#........#########
###.##.#.# #.####># #..
..# #### ###


You could see 2 gnolls.

Vanquished Creatures
  An orc wizard (D:2)
  4 orcs
  A ball python (D:2)
  3 endoplasms
  A giant cockroach (D:1)
  2 goblins
  3 hobgoblins
  4 jackals (D:1)
  4 quokkas
  A frilled lizard (D:1)
  2 kobolds (D:1)
  8 rats
34 creatures vanquished.

Notes
Turn   | Place    | Note
-------+----------+-------------------------------------------
     0 | D:1      | oldriver the Demonspawn Earth Elementalist began the quest
                  | for the Orb.
     0 | D:1      | Reached XP level 1. HP: 13/13 MP: 3/3
   101 | D:1      | Gained mutation: You may rarely emit foul miasma when
                  | damaged in melee. [demonic ancestry]
   101 | D:1      | Reached XP level 2. HP: 6/20 MP: 1/5
   917 | D:2      | Reached skill level 1 in Fighting
  1020 | D:2      | Gained mutation: Your movements are slightly less
                  | encumbered by armour. (ER -2) [demonic ancestry]
  1020 | D:2      | Reached XP level 3. HP: 26/26 MP: 4/6
  1178 | D:2      | Reached skill level 3 in Earth Magic
  1433 | D:3      | Learned a level 3 spell: Passwall
  1437 | D:3      | Learned a level 3 spell: Stone Arrow
  1466 | D:3      | Slain by a gnoll

Illustrated notes

Levels and vault maps discovered:
D:1:      mainiacjoe_arrival_oval_in_oval, layout_loops_cross
D:2:      minmay_recursive_quarters, layout_basic, serial_shops, shop
D:3:      layout_loops_cross, uniq_sigmund

Skill      XL: |  1  2  3 |
---------------+----------+-----
Fighting       | 1 |  1.3
Earth Magic    | 3 |  3.1
Dodging        | |  1.7
Stealth        | |  1.7
Spellcasting   | |  2.9
Conjurations   | |  1.9

Action                     || total
---------------------------++-------
  Melee: Unarmed           ||    11
         Short sword       ||     1
   Cast: Sandblast         ||    48
    Use: Potion            ||     2
         Scroll            ||     3
 Armour: Robe              ||    33
  Dodge: Dodged            ||    26

Table legend: (Time is in decaauts)
 A = Elapsed time spent in this place.
 B = Non-inter-level travel time spent in this place.
 C = Inter-level travel time spent in this place.
 D = Time resting spent in this place.
 E = Time spent auto-exploring this place.
 F = Levels seen in this place.
 G = Mean time per level.
                   A        B        C        D        E       F      G
               +--------+--------+--------+--------+--------+-----+--------+
         Total |   1500 |   1462 |     38 |    156 |   1050 |   3 |  500.0 |
       Dungeon |   1500 |   1462 |     38 |    156 |   1050 |   3 |  500.0 |
               +--------+--------+--------+--------+--------+-----+--------+

Top non-repeatable levels by time:
     D:1: 890 daAuts
     D:2: 314 daAuts
     D:3: 296 daAuts
